 Dungeon Crawl Stone Soup version 0.20-a0-991-g93344ec (webtiles) character file.

77 MudBrick2 the Charmwright (level 4, -2/35 HPs)
             Began as a Barachi Skald on Apr 11, 2017.
             Slain by a gnoll
             ... wielding a +0 whip
              (11 damage)
             ... on level 2 of the Dungeon.
             The game lasted 00:12:02 (2901 turns).

MudBrick2 the Charmwright (Barachi Skald)           Turns: 2901, Time: 00:12:05

Health: -2/35      AC:  3    Str: 12    XL:     4   Next: 33%
Magic:  1/7        EV: 12    Int: 13    God:
Gold:   164        SH:  0    Dex: 13    Spells: 4/7 levels left

rFire    . . .     SeeInvis .   a - +0 hand axe
rCold    . . .     Gourm    .   (no shield)
rNeg     . . .     Faith    .   b - +0 leather armour
rPois    .         Spirit   .   (no helmet)
rElec    .         Reflect  .   (no cloak)
rCorr    +         Harm     .   (no gloves)
MR       .....                  (no boots)
Stlth    +.........             (no amulet)
Regen    0.2/turn               q - ring of resist corrosion
MPRegen  0.1/turn               (no ring)

@: infused, slow
A: +LOS, swims, slowness 1, strong legs 1
a: Hop


You were on level 2 of the Dungeon.
You were not hungry.

You visited 1 branch of the dungeon, and saw 2 of its levels.

You collected 164 gold pieces.

Inventory:

Hand Weapons
 a - a +0 hand axe (weapon)
Missiles
 p - 4 silver javelins (quivered)
Armour
 b - a +0 leather armour (worn)
 k - a +0 chain mail
 l - a +0 ring mail
Jewellery
 q - a ring of resist corrosion (left hand)
Wands
 i - a wand of polymorph (13/24)
Scrolls
 e - a scroll of random uselessness {unknown}
 h - a scroll of amnesia {unknown}
 j - 2 scrolls of identify {unknown}
 m - a scroll of remove curse {unknown}
 r - a scroll of enchant weapon {unknown}
Potions
 n - 2 potions of flight {unknown}
 o - a potion of heal wounds {unknown}
Books
 c - a book of Battle

   Spells                             Type                      Level
   a - Infusion                       Charms                       1
   b - Shroud of Golubria             Charms/Translocation         2
   c - Song of Slaying                Charms                       2
   d - Spectral Weapon                Hexes/Charms                 3
   e - Regeneration                   Charms/Necromancy            3
Comestibles
 d - 4 bread rations
 f - 2 chunks of flesh
 g - 4 fruits


   Skills:
 + Level 3.1 Fighting
 * Level 3.5 Axes
 - Level 1.6 Armour
 - Level 2.4 Dodging
 - Level 2.3 Spellcasting
 + Level 3.8 Charms


You had 4 spell levels left.
You knew the following spells:

 Your Spells              Type           Power        Failure   Level  Hunger
a - Infusion              Chrm           ##..         10%         1    #......
b - Shroud of Golubria    Chrm/Tloc      #.........   21%         2    ###....


Dungeon Overview and Level Annotations

Branches:
Dungeon (2/15)

Altars:


Innate Abilities, Weirdness & Mutations

Shadows flee at your approach. (+LOS)
You can swim through water.
You cover ground slowly.
You can hop short distances.


Message History

The gnoll is almost dead.
The gnoll barely misses you.
You barely miss the gnoll.
The gnoll is almost dead.
The gnoll hits you with a club.
You hit the gnoll.
You kill the gnoll!
The frilled lizard barely misses you.
You miss the frilled lizard. The frilled lizard closely misses you.
You hit the frilled lizard.
You kill the frilled lizard!
You barely miss the gnoll. The gnoll closely misses you.
The gnoll hits you from afar with a halberd!
You hit the gnoll.
The gnoll is moderately wounded.
The gnoll closely misses you.
The gnoll hits you from afar with a halberd!
* * * LOW HITPOINT WARNING * * *
The gnoll hits you with a whip!
You die...

#########.##
#..@gg......
##
#.#######.##
#. #.# # #.#
..## #.#
#..# #.#
#.#. #.#
#.#. #.#
#.#. #.#
#.#.


You could see 2 gnolls.

Vanquished Creatures
  A gnoll (D:2)
  2 adders (D:2)
  2 worms (D:2)
  2 dart slugs (D:1)
  2 leopard geckos
  3 ball pythons
  4 bats
  2 giant cockroaches (D:2)
  5 goblins
  2 hobgoblins
  6 kobolds (D:1)
  4 frilled lizards
  3 rats
38 creatures vanquished.

Notes
Turn   | Place    | Note
-------+----------+-------------------------------------------
     0 | D:1      | MudBrick2 the Barachi Skald began the quest for the Orb.
     0 | D:1      | Reached XP level 1. HP: 17/17 MP: 3/3
    10 | D:1      | Noticed a minotaur skeleton
    17 | D:1      | Noticed a minotaur skeleton
   132 | D:1      | Reached XP level 2. HP: 18/23 MP: 5/5
   737 | D:1      | Reached XP level 3. HP: 25/28 MP: 1/6
  2041 | D:1      | Learned a level 2 spell: Shroud of Golubria
  2442 | D:2      | Reached XP level 4. HP: 16/35 MP: 0/7
  2901 | D:2      | Slain by a gnoll

Vault maps used:
D:1:      shiori_arrival_whats_in_store_for_you, corexii_item_surrounded_by_moat
D:2:      first_bread

Skill      XL: |  1  2  3 |
---------------+----------+-----
Fighting       | 3 |  3.1
Axes           | 3 |  3.5
Armour         | |  1.6
Dodging        | |  2.4
Spellcasting   | |  2.3
Charms         | |  3.8

Action                   |  1- 3 |  4- 6 || total
-------------------------+-------+-------++-------
Melee: Hand axe          |   122 |    21 ||   143
 Cast: Infusion          |    12 |     4 ||    16
       Shroud of Golubri |     4 |     2 ||     6
 Abil: Hop               |     1 |       ||     1
  Eat: Chunk             |     4 |       ||     4
       Royal jelly       |     1 |       ||     1
       Meat ration       |       |     1 ||     1
Armor: Leather armour    |    33 |     1 ||    34
Dodge: Dodged            |    82 |    11 ||    93
